 Dungeon Crawl Stone Soup version 0.28.0-43-g3370ac3207 (webtiles) character file.

Game seed: 1001554136846265504

2 Descartes the Scratcher (level 1, 0/9 HPs)
             Began as a Felid Wanderer on Mar 22, 2022.
             Slain by a frilled lizard (3 damage)
             ... on level 1 of the Dungeon.
             The game lasted 00:00:20 (120 turns).

Descartes the Scratcher (Felid Wanderer)             Turns: 120, Time: 00:00:20

Health: 0/9        AC:  1    Str:  8    XL:     1   Next: 33%
Magic:  2/2        EV: 16    Int: 12    God:
Gold:   8          SH:  0    Dex: 16    Spells: 0/0 levels left
                                        Lives:  0   Deaths: 0

rFire   . . .      SeeInvis +     - Unarmed
rCold   . . .      Faith    .   (shield unavailable)
rNeg    . . .      Spirit   .   (armour unavailable)
rPois   .          Reflect  .   (helmet unavailable)
rElec   .          Harm     .   (cloak unavailable)
rCorr   .          Rampage  .   (gloves unavailable)
Will    .....                   (boots unavailable)
Stlth   ++........              (no amulet)
HPRegen 0.03/turn               (no ring)
MPRegen 0.08/turn               (no ring)

@: quick
A: very small, claws 1, fangs 3, see invisible, speed 1, shaggy fur 1, stealthy
paws, no weapons or thrown items, no armour, multi-lived
a: no special abilities


You were on level 1 of the Dungeon.
You visited 1 branch of the dungeon, and saw 1 of its levels.

You collected 8 gold pieces.

Inventory:

Scrolls
 a - a scroll of fear
 b - a scroll of blinking
 c - a scroll of teleportation


   Skills:
 - Level 2.0 Fighting
 + Level 1.6 Dodging
 + Level 0.5 Stealth
 + Level 5.0 Unarmed Combat
 - Level 1.0 Invocations
 - Level 1.1 Evocations


You couldn't memorise any spells.
You didn't know any spells.
Your spell library contained the following spells:

 Spells                   Type           Power      Damage    Failure   Level
 Dazzling Flash           Conj/Hex       0%         N/A       69%         3
 Agony                    Necr           0%         N/A       100%        5
 Silence                  Hex/Air        0%         N/A       100%        5


Dungeon Overview and Level Annotations

Branches:
Dungeon (1/15)

Altars:


Innate Abilities, Weirdness & Mutations

You have sharp claws.
You have razor-sharp teeth.
You have supernaturally acute eyesight. (SInv)
You cover ground quickly. (Speed+)
You are covered in fur. (AC +1)
Your paws help you pounce on unaware monsters.
You are incapable of wielding weapons or throwing items.
You cannot wear armour.
You gain extra lives every three experience levels.


Message History

The quokka moves out of view.
The hobgoblin barely misses you.
An endoplasm comes into view.
The endoplasm quivers.
You scratch the hobgoblin but do no damage.
The hobgoblin closely misses you.
You closely miss the hobgoblin. The frilled lizard barely misses you.
The hobgoblin misses you.
You scratch the hobgoblin but do no damage.
The frilled lizard completely misses you.
The hobgoblin misses you.
You scratch the hobgoblin but do no damage.
The frilled lizard barely misses you. The hobgoblin hits you.
You barely miss the hobgoblin. The quokka closely misses you.
The frilled lizard bites you.
* * * LOW HITPOINT WARNING * * *
You are too injured to fight recklessly!
You are too injured to fight recklessly!
You are too injured to fight recklessly!
You are too injured to fight recklessly!
You are too injured to fight recklessly!
You are too injured to fight recklessly!
You are too injured to fight recklessly!
You are too injured to fight recklessly!
You are too injured to fight recklessly!
You are too injured to fight recklessly!
You are too injured to fight recklessly!
You are too injured to fight recklessly!
You are too injured to fight recklessly!
The quokka closely misses you. The quokka misses you.
You scratch the quokka.
The quokka is moderately wounded.
The quokka barely misses you.
You scratch the quokka.
You kill the quokka!
The frilled lizard completely misses you.
You see here a quokka corpse.
You barely miss the frilled lizard. The frilled lizard bites you.
You die...

#.##.##.#.####....#.
#.###...#.#..######.
#....##..#.#...#..#.
#.###≈..##.####.##.#
#.##≈.≈.###...##.≈##
#.##..#..#.###..#..#
#...##...##..##..##.
#.################
#..@lg..##
#####J...# #.##.#
#l# # ......Jg.#
#.###.##... ...
)#... #.# .##....
... .# ....


You could see an endoplasm, a hobgoblin and a frilled lizard.

Vanquished Creatures
  A hobgoblin (D:1)
  A quokka (D:1)
2 creatures vanquished.

Notes
Turn   | Place    | Note
-------+----------+-------------------------------------------
     0 | D:1      | Descartes the Felid Wanderer began the quest for the Orb.
     0 | D:1      | Descartes set off with the following items: a scroll of
                  | fear, a scroll of blinking, a scroll of teleportation
     0 | D:1      | Reached XP level 1. HP: 9/9 MP: 2/2
   120 | D:1      | Slain by a frilled lizard

Illustrated notes

Levels and vault maps discovered:
D:1:      dpeg_arrival_brainrot, layout_basic,
          nicolae_concentric_dashed_squares_wild

Action                   || total
-------------------------++-------
Melee: Unarmed           ||     9
Dodge: Dodged            ||    12
